 Dungeon Crawl Stone Soup version 0.17-a0-915-g8914353 (console) character file.

3238 Kellhus the Basher (level 10, 0/60 HPs)
             Began as a Kobold Fighter on May 4, 2015.
             Was a Believer of Trog.
             Slain by a killer bee (6 damage)
             ... on level 8 of the Dungeon.
             The game lasted 00:26:56 (12002 turns).

Kellhus the Basher (Kobold Fighter)                Turns: 12002, Time: 00:26:56

Health: 0/60       AC: 11    Str: 15    XL:     10   Next: 18%
Magic:  10/10      EV:  8    Int:  8    God:    Trog [**....]
Gold:   391        SH:  9    Dex: 19    Spells: 0 memorised, 9 levels left

rFire  . . .     SeeInvis +     a - +0 morningstar
rCold  . . .     Clarity  .     Q - +0 scale mail
rNeg   . . .     SustAb   .     c - +0 shield
rPois  +         Gourm    .     X - +2 helmet
rElec  .         Spirit   .     Z - +0 cloak "Naamuh" {SInv}
rCorr  .         Warding  .     (no gloves)
rMut   .         Stasis   .     Y - +0 pair of boots
MR     .....                    O - amulet of inaccuracy (curse)
Stlth  ..........               U - ring of see invisible
                                F - ring "Ukkaekk" {rPois Int+2} (curse)

@: lethally poisoned (0 -> -15), exhausted, slowed, very slow, not resistant to
hostile enchantments, extremely unstealthy
A: carnivore 3
a: Burn Spellbooks, Berserk, Trog's Hand, Renounce Religion


You were on level 8 of the Dungeon.
You worshipped Trog.
Trog was pleased with you.
You were not hungry.

You visited 2 branches of the dungeon, and saw 9 of its levels.
You also visited: Sewer.

You collected 391 gold pieces.

Inventory:

Hand weapons
 a - a +0 morningstar (weapon)
 b - a +0 blowgun
 L - a +0 flail
Missiles
 f - 30 stones (quivered)
 t - 27 poisoned needles
Armour
 c - a +0 shield (worn)
 Q - a +0 scale mail (worn)
 X - a +2 helmet (worn)
 Y - a +0 pair of boots (worn)
 Z - the +0 cloak "Naamuh" (worn) {SInv}
   (You acquired it on level 7 of the Dungeon)

   It enhances your eyesight.
Jewellery
 u - an uncursed ring of flight
 A - an uncursed ring of magical power
 F - the cursed ring "Ukkaekk" (left hand) {rPois Int+2}
   (You found it on level 5 of the Dungeon)

   [ring of poison resistance]

   It affects your intelligence (+2).
   It protects you from poison.
   It has a curse placed upon it.
 O - a cursed amulet of inaccuracy (around neck)
 R - a cursed ring of magical power
 U - a ring of see invisible (right hand)
 W - an uncursed amulet of rage {unknown}
Magical devices
 D - a wand of lightning (1)
 K - a wand of polymorph (7)
 M - a wand of heal wounds (4)
 S - a wand of cold (10)
Scrolls
 k - 2 scrolls of recharging
 o - 5 scrolls of identify
 w - a scroll of noise
 x - 3 scrolls of teleportation
 y - a scroll of magic mapping
 T - 2 scrolls of enchant armour
Potions
 s - 6 potions of curing
 G - 2 potions of cure mutation
 H - 2 potions of heal wounds
 I - 3 potions of flight
 N - a potion of lignification {unknown}
 P - a potion of berserk rage {unknown}
 V - a potion of poison {unknown}
Comestibles
 e - 2 meat rations
 g - a royal jelly


   Skills:
 + Level 5.9 Fighting
 - Level 12.6 Maces & Flails
 - Level 2.4 Armour
 - Level 2.4 Shields


You had 9 spell levels left.
You didn't know any spells.

Dungeon Overview and Level Annotations

Branches:
Dungeon (8/15)             Temple (1/1) D:4
   Lair: D:8-11

Altars:
Ashenzari
Cheibriados
Fedhas
Kikubaaqudgha
Okawaru
Qazlal
Ru
Sif Muna
Trog
Vehumet
Xom
Zin

Shops:
D:3 *

Annotations:
D:3 boffreak's ghost, average FoFi


Innate Abilities, Weirdness & Mutations

You are small and have problems with some larger weapons.
You are carnivorous and can eat meat at any time.


Message History

The killer bee stings you. The killer bee barely misses you.
Unknown command.
You miss the killer bee. The killer bee stings you.
* * * LOW HITPOINT WARNING * * *
You are poisoned.
The killer bee poisons you! You block the killer bee's attack.
The killer bee stings you.
* * * LOW HITPOINT WARNING * * *
You block the killer bee's attack. The killer bee barely misses you.
The killer bee stings you.
* * * LOW HITPOINT WARNING * * *
The killer bee stings you.
* * * LOW HITPOINT WARNING * * *
The killer bee closely misses you. You block the killer bee's attack.
The killer bee stings you but does no damage.
The killer bee stings you.
* * * LOW HITPOINT WARNING * * *
You are lethally poisoned!
The killer bee poisons you! The killer bee stings you.
You die...

......# #.####.#
###o###
#....#.######## #y#
#..#....(...(.# #.#
#...#.#...... #y#
#..##.#....## #y#
#<.##.#...## ###y###
#..##y#..#.# ...yh.#
#..##yl.### ..#.#.#
#..##@y.#
#.#.#y######..##yy.#
#.#(#h....y.....y..#
#.#.....y.....####...
#.##########.## #..##
#.# #.# #... ... ..#
#.... #.# ### ###


You could see an iguana and 6 killer bees.

Vanquished Creatures
  Grinder (D:5)
  2 hippogriffs
  Menkaure (D:7)
  2 sky beasts
  Duvessa (D:7)
  A phantom (D:7)
  Purgy (Sewer)
  2 ogres
  A black bear (D:7)
  An ice beast (D:5)
  3 centaurs
  A crocodile (D:5)
  A giant frog (D:6)
  Dowan (D:7)
  3 killer bees (D:8)
  5 scorpions
  A jelly (D:5)
  3 crimson imps
  A centaur zombie (D:5)
  A giant frog zombie (D:5)
  2 hounds (D:6)
  4 orc priests
  8 orc wizards
  2 iguanas
  4 worker ants
  2 worker ant zombies
  3 gnolls
  2 shadow imps
  6 adders
  2 adder skeletons
  4 giant geckos
  27 orcs
  7 bats
  A bat skeleton (D:4)
  14 hobgoblins
  16 jackals
  9 kobolds
  A quokka (D:3)
  6 ball pythons
  9 giant cockroaches
  7 giant newts
  10 goblins
  A quokka skeleton (D:4)
  8 rats
  48 ballistomycetes (D:7)
236 creatures vanquished.

Vanquished Creatures (others)
  A quokka (D:7)
  9 giant spores (D:7)
10 creatures vanquished.

Grand Total: 246 creatures vanquished

Notes
Turn   | Place    | Note
--------------------------------------------------------------
     0 | D:1      | Kellhus, the Kobold Fighter, began the quest for the Orb.
     0 | D:1      | Reached XP level 1. HP: 14/14 MP: 1/1
   379 | D:1      | Reached XP level 2. HP: 19/19 MP: 2/2
  1126 | D:2      | Reached XP level 3. HP: 21/23 MP: 3/3
  1800 | D:2      | Reached skill level 4 in Maces & Flails
  1800 | D:2      | Reached XP level 4. HP: 10/28 MP: 4/4
  2147 | D:3      | Noticed boffreak's ghost (average FoFi)
  2330 | D:3      | Found Zin's Purification Station.
  2333 | D:3      | Found a glowing silver altar of Zin.
  2474 | D:3      | Found a shattered altar of Ashenzari.
  2949 | D:2      | Reached XP level 5. HP: 14/32 MP: 5/5
  3449 | D:3      | Reached skill level 5 in Maces & Flails
  3701 | D:4      | Noticed an ogre
  3915 | D:4      | Reached XP level 6. HP: 26/37 MP: 6/6
  4110 | D:4      | Found a staircase to the Ecumenical Temple.
  4116 | Temple   | Entered the Ecumenical Temple
  4125 | Temple   | Became a worshipper of Trog the Wrathful
  4176 | D:4      | Reached skill level 6 in Maces & Flails
  4305 | D:5      | Entered Level 5 of the Dungeon
  4305 | D:5      | Noticed an ice beast
  4548 | D:5      | Reached skill level 7 in Maces & Flails
  4548 | D:5      | Reached XP level 7. HP: 31/41 MP: 7/7
  4716 | D:5      | Got a warped wooden ring
  4718 | D:5      | Identified the ring "Ukkaekk" {rPois Int+2} (You found it on level 5 of the Dungeon)
  4882 | D:5      | Found a glowing drain.
  4914 | Sewer    | Entered a sewer
  5173 | Sewer    | Noticed Purgy
  5187 | Sewer    | Killed Purgy
  5187 | Sewer    | Reached skill level 8 in Maces & Flails
  5465 | D:5      | Killed an ice beast
  5698 | D:5      | Reached XP level 8. HP: 41/46 MP: 8/8
  5779 | D:5      | Noticed Grinder
  5783 | D:5      | Found a deep blue altar of Sif Muna.
  6193 | D:5      | Reached skill level 9 in Maces & Flails
  6770 | D:5      | Acquired Trog's first power
  6771 | D:5      | Killed Grinder
  7318 | D:5      | Reached skill level 10 in Maces & Flails
  8040 | D:6      | Reached XP level 9. HP: 29/51 MP: 9/9
  8765 | D:6      | Reached skill level 11 in Maces & Flails
  8859 | D:6      | Acquired Trog's second power
  9627 | D:7      | Noticed Menkaure
  9637 | D:7      | Killed Menkaure
  9842 | D:7      | Reached skill level 12 in Maces & Flails
 10516 | D:7      | Noticed Duvessa
 10574 | D:7      | Noticed Dowan
 10628 | D:7      | Killed Dowan
 11035 | D:7      | Identified a scroll of acquirement
 11036 | D:7      | Got a brightly glowing cloak
 11042 | D:7      | Identified the +0 cloak "Naamuh" {SInv} (You acquired it on level 7 of the Dungeon)
 11228 | D:7      | Reached XP level 10. HP: 56/56 MP: 10/10
 11338 | D:7      | Killed Duvessa
 11387 | D:7      | Reached skill level 5 in Fighting
 12002 | D:8      | Slain by a killer bee

Action                   |  1- 3 |  4- 6 |  7- 9 | 10-12 || total
-------------------------+-------+-------+-------+-------++-------
Melee: Flail             |   117 |   146 |   172 |       ||   435
       Morningstar       |       |       |   569 |   195 ||   764
 Fire: Blowgun           |       |       |    29 |     1 ||    30
Throw: Stone             |    18 |       |       |       ||    18
Invok: Berserk           |       |       |     6 |     3 ||     9
       Burn Spellbooks   |       |       |     1 |       ||     1
Evoke: Wand              |       |       |     7 |       ||     7
  Use: Potion            |     1 |     1 |     8 |       ||    10
       Scroll            |       |       |    12 |     1 ||    13
 Stab: Invisible         |       |       |     2 |       ||     2
  Eat: Chunk             |    11 |     6 |    26 |     7 ||    50
